 Dungeon Crawl Stone Soup version 0.18-a0-1285-g60d00e1 (webtiles) character file.

53 truemonolith the Insei (level 3, -2/31 HPs)
             Began as a Draconian Monk on Feb 8, 2016.
             Slain by an orc (3 damage)
             ... on level 4 of the Dungeon.
             The game lasted 00:03:04 (1372 turns).

truemonolith the Insei (Draconian Monk)             Turns: 1372, Time: 00:03:05

Health: -2/31      AC:  5    Str: 13    XL:     3   Next: 62%
Magic:  3/3        EV: 13    Int: 10    God:
Gold:   89         SH:  0    Dex: 14    Spells: 0 memorised, 2 levels left

rFire  . . .     SeeInvis .       - Unarmed
rCold  . . .     Gourm    .     (armour unavailable)
rNeg   . . .     Faith    .     (no shield)
rPois  .         Spirit   .     (helmet restricted)
rElec  .         Dismiss  .     (no cloak)
rCorr  .         Reflect  .     (no gloves)
SustAt .         Harm     .     (no boots)
MR     .....                    (no amulet)
Stlth  ++........               (no ring)
                                (no ring)

@: not resistant to hostile enchantments, unstealthy
A: unfitting armour, cold-blooded, AC +5
a: no special abilities


You were on level 4 of the Dungeon.
You were hungry.

You visited 1 branch of the dungeon, and saw 3 of its levels.

You collected 89 gold pieces.

Inventory:

Jewellery
 b - a +1 ring of evasion {unknown}
 n - an uncursed ring of protection from magic {unknown}
Scrolls
 c - a scroll of teleportation
 e - a scroll of blinking {unknown}
 i - a scroll of noise {unknown}
 j - a scroll of identify {unknown}
 k - a scroll of recharging {unknown}
 l - a scroll of magic mapping {unknown}
 m - a scroll of remove curse {unknown}
Potions
 d - 2 potions of curing {unknown}
 f - a potion of degeneration {unknown}
 g - 2 potions of mutation {unknown}
Comestibles
 a - 2 bread rations
 h - a meat ration


   Skills:
 - Level 3.2 Fighting
 - Level 2.6 Dodging
 - Level 1.7 Stealth
 + Level 5.4 Unarmed Combat


You had 2 spell levels left.
You didn't know any spells.

Dungeon Overview and Level Annotations

Branches:
Dungeon (2/15)

Altars:
Pakellas


Innate Abilities, Weirdness & Mutations

Your plain brown scales are hard (AC +5).
Your body does not fit into most forms of armour.
You are cold-blooded and may be slowed by cold attacks.


Message History

Okay, then.
Unknown command.
Read which item? (? for menu, Esc to quit)
As you read the scroll labeled RAPTEZ ZOBASMO, it crumbles to dust.
You feel strangely unstable.
It was a scroll of teleportation. 2 orcs come into view.
The orc wizard shouts!
You hear a shout!
The orc priest invokes the aid of Beogh against you.
Something smites you!
* * * LOW HITPOINT WARNING * * *
You hit the orc but do no damage. You tail-slap the orc.
The orc is heavily wounded.
The orc priest calls upon Beogh to heal the orc.
The orc's wounds heal themselves!
You hit the orc. You tail-slap the orc.
You kill the orc!
You barely miss the orc wizard.
Your tail-slap misses the orc wizard.
Your surroundings suddenly seem different.
The orc hits you.
You die...

#.........$.#
#...........#
#...........#
#...........#
#...........#
#...$...$...#
#...........#
#.......#####
#....@..#
#....o..###
#....o....##
#.....W....#
#####.#.o#...#
#.o...#..#...#
#.#####......#
#.# #.#...##
#o# #.....##


You could see a phantom and 3 orcs.

Vanquished Creatures
  An adder (D:2)
  A worm (D:2)
  An orc (D:4)
  3 giant cockroaches
  6 hobgoblins
  5 jackals (D:1)
  A quokka (D:2)
  2 bats (D:1)
  4 giant newts
  4 goblins
  3 kobolds (D:2)
  8 rats
39 creatures vanquished.

Notes
Turn   | Place    | Note
--------------------------------------------------------------
     0 | D:1      | truemonolith the Draconian Monk began the quest for the Orb.
     0 | D:1      | Reached XP level 1. HP: 19/19 MP: 1/1
    81 | D:1      | Reached XP level 2. HP: 13/26 MP: 2/2
  1038 | D:2      | Reached skill level 5 in Unarmed Combat
  1048 | D:2      | Reached XP level 3. HP: 27/31 MP: 3/3
  1183 | D:2      | Found an oddly glowing altar of Pakellas.
  1301 | D:2      | You fall through a shaft for 2 floors!
  1319 | D:4      | Noticed a phantom
  1369 | D:4      | HP: 1/31 [orc priest/divine providence (13)]
  1372 | D:4      | Slain by an orc

Vault maps used:
D:1:      minmay_arrival_three_doors, st_stairs_10
D:2:      first_bread, grunt_pakellas_basics
D:4:      grunt_temple_overflow_octagram

Action                   || total
-------------------------++-------
Melee: Unarmed           ||   116
  Use: Scroll            ||     1
 Stab: Sleeping          ||     2
  Eat: Chunk             ||     1
